 Dungeon Crawl Stone Soup version 0.20.0-8-g6b59dc7 (webtiles) character file.

6988 Exaltedone87 the Cleaver (level 10, -1/138 HPs)
             Began as a Deep Dwarf Fighter on June 2, 2017.
             Was a Follower of Elyvilon (penitent).
             Slain by a hornet (4 damage)
             ... while paralysed by a hornet
             ... on level 9 of the Dungeon.
             The game lasted 00:21:32 (7027 turns).

Exaltedone87 the Cleaver (Deep Dwarf Fighter)       Turns: 7027, Time: 00:21:33

Health: -1/138     AC: 13    Str: 31    XL:     10   Next: 81%
Magic:  7/7        EV:  2    Int:  9    God:    Elyvilon [*]
Gold:   256        SH:  0    Dex: 12    Spells: 9/9 levels left

rFire    . . .     SeeInvis .   a - +0 war axe
rCold    + . .     Gourm    .   c - +0 shield
rNeg     . . .     Faith    .   A - +1 chain mail {MR+}
rPois    .         Spirit   .   (no helmet)
rElec    .         Reflect  .   (no cloak)
rCorr    .         Harm     .   (no gloves)
MR       +++..                  v - +0 pair of boots
Stlth    ..........             (no amulet)
Regen    0.0/turn               C - ring of protection from cold
MPRegen  0.1/turn               p - ring of Liberty {+Fly Str+3}

@: paralysed, berserking, lethally poisoned (-1 -> -1), non-regenerating, slowed
A: damage resistance, heal wounds, talons 2, thin skeletal structure 1, clumsy
1, magic resistance 1, sense surroundings 2, no regeneration
a: Heal Wounds, Renounce Religion, Evoke Flight


You were on level 9 of the Dungeon.
You worshipped Elyvilon.
Elyvilon was demanding penance.
You were not hungry.

You visited 2 branches of the dungeon, and saw 10 of its levels.

You collected 398 gold pieces.
You spent 142 gold pieces at shops.

Inventory:

Hand Weapons
 a - a +0 war axe (weapon)
Armour
 c - a +0 shield (worn)
 n - a +0 chain mail
 v - a +0 pair of boots (worn)
 A - a +1 chain mail of magic resistance (worn)
Jewellery
 b - an uncursed ring of protection from fire
 p - the ring of Liberty (right hand) {+Fly Str+3}
   (You found it on level 6 of the Dungeon)

   [ring of flight]

   It affects your strength (+3).
   It lets you fly.
 y - an uncursed ring of stealth
 C - a ring of protection from cold (left hand)
Wands
 i - a wand of acid (9/15)
 t - a wand of confusion (36/48)
Scrolls
 g - 2 scrolls of teleportation
 k - a scroll of recharging
 m - a scroll of identify
 o - a scroll of fog
 q - 6 scrolls of remove curse
 r - 3 scrolls of enchant weapon
 w - 2 scrolls of magic mapping
Potions
 e - 2 potions of resistance
 h - 2 potions of brilliance
 j - 3 potions of curing
 x - a potion of berserk rage
 z - 3 potions of cancellation
 B - 3 potions of agility {unknown}
Comestibles
 d - a chunk of flesh
 f - 10 bread rations
 l - a meat ration
 s - 5 royal jellies
 D - 2 fruits


   Skills:
 + Level 6.9 Fighting
 * Level 9.7 Axes
 + Level 8.6 Armour
 - Level 5.9 Dodging
 + Level 8.6 Shields
 + Level 5.7 Invocations


You had 9 spell levels left.
You didn't know any spells.

Dungeon Overview and Level Annotations

Branches:
Dungeon (9/15)             Temple (1/1) D:4            Lair (0/6) D:8
    Orc: D:9-12

Altars:
Ashenzari
Cheibriados
Dithmenos
Elyvilon
Fedhas
Gozag
Hepliaklqana
Kikubaaqudgha
Makhleb
Nemelex Xobeh
Okawaru
Qazlal
Ru
Sif Muna
Trog
Uskayaw
Xom
Yredelemnul
The Shining One

Shops:
D:4 ?   D:7 [   D:8 =

Annotations:
D:8 exclusion: 2 oklob plants


Innate Abilities, Weirdness & Mutations

You are resistant to damage.
You can heal yourself by infusing magical energy.
You passively map the area around you.
You do not regenerate.
You have razor-sharp toenails.
You have a somewhat thin skeletal structure. (Dex +2, Stealth)
You are clumsy. (Dex -2)
You are resistant to hostile enchantments. (MR+)


Message History

You block the troll's attack.
You slice the troll!!
The troll is almost dead.
You hit the hornet. You block the hornet's attack. The troll bites you!
* * * LOW HITPOINT WARNING * * *
The troll claws you but does no damage. You block the troll's attack.
You slice the troll!!
You kill the troll!
You hit the hornet. You block the hornet's attack. x2
You slash the two-headed ogre!
The two-headed ogre is moderately wounded.
You miss the hornet. The hornet stings you.
* * * LOW HITPOINT WARNING * * *
You suddenly lose the ability to move!
The two-headed ogre hits you with a giant club!
* * * LOW HITPOINT WARNING * * *
The two-headed ogre hits you with a dire flail!
Elyvilon protects you from harm! The hornet stings you!
You die...

* * , * *
#......, , * *
, , ....... ,*
* , * *
**#..... ** **
* , #....,* *
** #..., * *
#..### _ *,, ,
#yO.# , * *,,,
* #.@.+ ,, , ,
##...# ,* *
#..##.._.# *
##...#.#### *
,* #....#*# #
, * ##...# * *
* #..####* * *
,
.#####..##.#,*
* * *
...........#


You could see a two-headed ogre and a hornet.

Vanquished Creatures
  3 two-headed ogres (D:8)
  Joseph (D:8)
  The ghost of SirKenneth the Cleaver, a novice GrFi of Makhleb (D:6)
  A troll (D:9)
  Prince Ribbit (D:7)
  2 hippogriffs
  An orc warrior (D:8)
  A sky beast (D:6)
  2 black bears (D:8)
  5 ice beasts
  A necrophage (D:6)
  An ogre (D:6)
  A phantom (D:4)
  6 centaurs
  A big kobold (D:7)
  A bullfrog (D:8)
  2 scorpions
  6 killer bees
  6 howler monkeys
  3 crimson imps
  2 bullfrog zombies
  A jelly (D:7)
  5 hounds
  3 orc priests
  A bullfrog skeleton (D:5)
  9 orc wizards
  8 iguanas
  5 worker ants
  A hound skeleton (D:8)
  2 worker ant zombies
  7 gnolls
  A howler monkey skeleton (D:5)
  10 adders
  2 shadow imps (D:7)
  3 worms
  5 leopard geckos
  20 orcs
  A ball python (D:1)
  2 bats
  2 giant cockroaches
  3 goblins
  3 hobgoblins
  3 jackals (D:6)
  13 kobolds
  2 quokkas
  4 frilled lizards
  2 jackal zombies (D:7)
  A leopard gecko skeleton (D:4)
  A leopard gecko zombie (D:7)
  A quokka zombie (D:6)
  4 rats
173 creatures vanquished.

Vanquished Creatures (others)
  A dart slug (D:1)
1 creature vanquished.

Grand Total: 174 creatures vanquished

Notes
Turn   | Place    | Note
-------+----------+-------------------------------------------
     0 | D:1      | Exaltedone87 the Deep Dwarf Fighter began the quest for the Orb.
     0 | D:1      | Reached XP level 1. HP: 20/20 MP: 1/1
   100 | D:1      | Found a shimmering altar of Xom.
   536 | D:1      | Reached XP level 2. HP: 22/27 MP: 2/2
   815 | D:2      | Reached skill level 1 in Dodging
   915 | D:2      | Reached XP level 3. HP: 21/33 MP: 3/3
  1079 | D:2      | Found a white marble altar of Elyvilon.
  1122 | D:2      | Reached skill level 3 in Axes
  1341 | D:3      | Reached XP level 4. HP: 38/42 MP: 4/4
  1813 | D:3      | Reached XP level 5. HP: 27/49 MP: 5/5
  1852 | D:3      | Found an iron altar of Okawaru.
  2061 | D:3      | Found a shimmering altar of Xom.
  2316 | D:4      | Found Ybrityot's Magic Scroll Shoppe.
  2324 | D:4      | Bought a scroll of enchant weapon for 82 gold pieces
  2324 | D:4      | Bought a scroll of magic mapping for 38 gold pieces
  2324 | D:4      | Bought a scroll of identify for 22 gold pieces
  2649 | D:4      | Noticed a phantom
  2705 | D:4      | Reached XP level 6. HP: 34/56 MP: 5/5
  2757 | D:4      | Reached skill level 4 in Axes
  3064 | D:4      | Found a staircase to the Ecumenical Temple.
  3073 | D:4      | Reached XP level 7. HP: 35/64 MP: 6/6
  3077 | Temple   | Entered the Ecumenical Temple
  3363 | D:5      | Entered Level 5 of the Dungeon
  3394 | D:5      | Reached skill level 5 in Armour
  3394 | D:5      | Reached skill level 5 in Shields
  3722 | D:5      | Found an iron altar of Okawaru.
  4193 | D:6      | Noticed SirKenneth's ghost (novice GrFi)
  4232 | D:6      | Killed SirKenneth's ghost
  4232 | D:6      | Reached skill level 5 in Axes
  4232 | D:6      | Reached XP level 8. HP: 33/73 MP: 5/5
  4279 | D:6      | Reached skill level 5 in Fighting
  4294 | D:6      | Reached skill level 5 in Dodging
  4544 | D:6      | Got a glittering copper ring
  4545 | D:6      | Identified the ring of Liberty {+Fly Str+3} (You found it on level 6 of the Dungeon)
  4752 | D:6      | Reached skill level 6 in Axes
  4752 | D:6      | Gained mutation: You passively map the area around you. [Deep Dwarf growth]
  4752 | D:6      | Reached XP level 9. HP: 46/81 MP: 5/5
  5148 | D:6      | Gained mutation: You have sharp toenails. [mutagenic meat]
  5149 | D:6      | Gained mutation: You are clumsy. (Dex -2) [mutagenic meat]
  5150 | D:6      | Gained mutation: You have razor-sharp toenails. [mutagenic meat]
  5151 | D:6      | Gained mutation: Armour fits poorly on your strangely shaped body. [mutagenic meat]
  5152 | D:6      | Gained mutation: You have a somewhat thin skeletal structure. (Dex +2, Stealth) [mutagenic meat]
  5153 | D:6      | Lost mutation: Armour fits poorly on your strangely shaped body. [potion of mutation]
  5153 | D:6      | Lost mutation: You have a somewhat thin skeletal structure. (Dex +2, Stealth) [potion of mutation]
  5153 | D:6      | Gained mutation: You have a somewhat thin skeletal structure. (Dex +2, Stealth) [potion of mutation]
  5153 | D:6      | Gained mutation: You are resistant to hostile enchantments. (MR+) [potion of mutation]
  5202 | D:4      | HP: 4/81 [gnoll/flail (6)]
  5233 | Temple   | Became a worshipper of Elyvilon the Healer
  5314 | D:7      | Found Etoudig's Armour Boutique.
  5349 | D:7      | Reached skill level 1 in Invocations
  5446 | D:7      | Found a snail-covered altar of Cheibriados.
  5460 | D:7      | Noticed Prince Ribbit
  5495 | D:7      | Killed Prince Ribbit
  5569 | D:7      | Reached * piety under Elyvilon
  5570 | D:7      | Found a hide-covered altar of Uskayaw.
  5602 | D:7      | Reached skill level 7 in Axes
  6017 | D:8      | Noticed a two-headed ogre
  6192 | D:8      | Noticed Joseph
  6213 | D:8      | Killed Joseph
  6236 | D:8      | Noticed a two-headed ogre
  6249 | D:8      | HP: 1/82 [two-headed ogre/giant club (5)]
  6255 | D:8      | HP: 1/82 [two-headed ogre/giant club (20)]
  6261 | D:8      | HP: 2/82 [two-headed ogre/giant club (7)]
  6262 | D:8      | Elyvilon protects you from harm!
  6266 | D:8      | Killed a two-headed ogre
  6266 | D:8      | Was placed under penance by Elyvilon
  6266 | D:8      | Reached skill level 8 in Axes
  6266 | D:8      | Reached XP level 10. HP: 2/91 MP: 7/9
  6272 | D:8      | HP: 1/91 [scorpion (1)]
  6529 | D:8      | Noticed a two-headed ogre
  6540 | D:8      | Killed a two-headed ogre
  6540 | D:8      | Reached skill level 9 in Axes
  6544 | D:8      | Reached skill level 5 in Invocations
  6589 | D:8      | Found a blossoming altar of Fedhas.
  6591 | D:8      | Noticed an oklob plant
  6591 | D:8      | Noticed an oklob plant
  6612 | D:8      | Found Nypnutt's Jewellery Boutique.
  6657 | D:8      | Found a staircase to the Lair.
  6761 | D:8      | Killed a two-headed ogre
  7004 | D:9      | Found a burning altar of Makhleb.
  7012 | D:9      | Noticed a two-headed ogre
  7027 | D:9      | Paralysed by a hornet for 2 turns
  7027 | D:9      | HP: 3/138 [two-headed ogre/giant club (6)]
  7027 | D:9      | Elyvilon protects you from harm!
  7027 | D:9      | Slain by a hornet

Skill      XL: |  1  2  3  4  5  6  7  8  9 10 |
---------------+-------------------------------+-----
Dodging        | 1 2 3 4 5 |  5.9
Fighting       | 3 4 5 6 |  6.9
Axes           | 3 4 5 6 8 9 |  9.7
Shields        | 4 5 6 7 8 |  8.6
Armour         | 4 5 6 7 8 |  8.6
Invocations    | 4 5 |  5.7

Action                   |  1- 3 |  4- 6 |  7- 9 | 10-12 || total
-------------------------+-------+-------+-------+-------++-------
Melee: War axe           |   103 |   154 |   451 |   191 ||   899
Invok: Lesser Healing    |       |       |    10 |       ||    10
       Divine Protection |       |       |     2 |       ||     2
 Abil: Heal Wounds       |     1 |     3 |    21 |     7 ||    32
  Use: Scroll            |       |     5 |    14 |     1 ||    20
       Potion            |       |       |     5 |     2 ||     7
  Eat: Chunk             |     2 |     1 |    15 |     1 ||    19
       Bread ration      |       |     1 |     1 |       ||     2
Armor: Scale mail        |    53 |    61 |       |       ||   114
       Chain mail        |       |     3 |   213 |    85 ||   301
Dodge: Dodged            |    38 |    43 |   153 |    73 ||   307
Block: Shield            |    58 |    84 |   342 |   118 ||   602
